 Dungeon Crawl Stone Soup version 0.25.0-1-g7eea58d2a3 (webtiles) character file.

Game seed: 1087000095223027874

329 Descartes the Skirmisher (level 6, -1/49 HPs)
             Began as a Formicid Abyssal Knight on June 14, 2020.
             Was a Priest of Lugonu.
             Slain by a scorpion (7 damage)
             ... on level 4 of the Dungeon.
             The game lasted 00:08:05 (4648 turns).

Descartes the Skirmisher (Formicid Abyssal Knight)  Turns: 4648, Time: 00:08:06

Health: -1/49      AC: 11    Str: 17    XL:     6   Next: 80%
Magic:  8/8        EV:  7    Int: 13    God:    Lugonu [***...]
Gold:   209        SH:  0    Dex: 10    Spells: 5/5 levels left

rFire    . . .     SeeInvis +   a - +1 hand axe
rCold    . . .     Gourm    .   (no shield)
rNeg     . . .     Faith    .   u - +0 chain mail
rPois    .         Spirit   .   (helmet unavailable)
rElec    .         Reflect  .   (no cloak)
rCorr    .         Harm     .   n - +1 pair of gloves
MR       +....                  (no boots)
Stlth    ..........             B - amulet of inaccuracy
HPRegen  0.16/turn              p - ring of flight
MPRegen  0.11/turn              w - ring of protection from magic

@: lethally poisoned (-1 -> -11)
A: permanent stasis, dig shafts and tunnels, four strong arms, antennae 3
a: Dig, Shaft Self, Depart the Abyss, Bend Space, Banish, Renounce Religion,
Evoke Flight


You were on level 4 of the Dungeon.
You worshipped Lugonu.
Lugonu was most pleased with you.
You were very hungry.

You visited 2 branches of the dungeon, and saw 5 of its levels.
You visited the Abyss 1 time.

You collected 209 gold pieces.

Inventory:

Hand Weapons
 a - a +1 hand axe (weapon)
 y - a +0 war axe
Missiles
 e - 7 boomerangs (quivered)
 h - 187 stones
 i - 55 arrows
Armour
 b - a +0 leather armour
 n - a +1 pair of gloves (worn)
 r - a +0 scale mail
 u - a +0 chain mail (worn)
Jewellery
 p - a ring of flight (left hand)
 s - an uncursed amulet of reflection
 w - a ring of protection from magic (right hand)
 B - an amulet of inaccuracy (around neck)
Scrolls
 f - 2 scrolls of enchant armour
 A - 2 scrolls of identify
Potions
 d - a potion of heal wounds
 j - a potion of stabbing
 k - a potion of curing
 m - a potion of flight
 t - a potion of resistance {unknown}
 x - a potion of berserk rage
 z - a potion of lignification {unknown}
Comestibles
 c - 8 rations


   Skills:
 + Level 4.7 Fighting
 + Level 4.3 Axes
 + Level 3.4 Armour
 - Level 2.0 Dodging
 + Level 3.3 Invocations


You had 5 spell levels left.
You didn't know any spells.
Your spell library was empty.

Dungeon Overview and Level Annotations

Branches:
Dungeon (4/15)             Temple (1/1) D:4

Altars:
Ashenzari
Cheibriados
Dithmenos
Elyvilon
Fedhas
Gozag
Hepliaklqana
Kikubaaqudgha
Makhleb
Nemelex Xobeh
Okawaru
Qazlal
Ru
Sif Muna
Trog
Uskayaw
Vehumet
Xom
Yredelemnul
Zin
The Shining One


Innate Abilities, Weirdness & Mutations

You cannot be hasted, slowed, berserked, paralysed or teleported.
You can dig through walls and to a lower floor.
Your four strong arms can wield two-handed weapons with a shield.
You have a pair of large antennae on your head. (SInv)


Message History

You barely miss the scorpion.
The scorpion is severely wounded.
You feel sick.
The scorpion stings you but does no damage.
You hit the scorpion.
The scorpion is almost dead.
You feel sick.
The scorpion stings you but does no damage.
The scorpion stings you.
* * * LOW HITPOINT WARNING * * *
You closely miss the scorpion.
The scorpion is almost dead.
* * * LOW HITPOINT WARNING * * *
You feel sick. The scorpion stings you.
* * * LOW HITPOINT WARNING * * *
You miss the scorpion.
The scorpion is almost dead.
* * * LOW HITPOINT WARNING * * *
You feel sick. The scorpion stings you!
You die...

#.....#.###.#.#
.# #.....#.#
#.#.# .#
+..>..'.# #.#.#
.# #.....###
#.#.##.#
#.....#
#.#..#.#
#.....#
#.##.#.####.#
###+###
#...........# {
#####..######
#@.# #s.# ##.#
.. ... ...#
...# ....


You could see a scorpion.

Vanquished Creatures
  A crimson imp (D:3)
  An orc priest (D:3)
  2 orc wizards (D:3)
  Jessica (D:3)
  11 adders
  An ooze (D:3)
  A worm (D:2)
  A dart slug (D:2)
  A leopard gecko (D:4)
  7 orcs
  5 bats
  5 giant cockroaches
  6 hobgoblins
  4 jackals (D:1)
  A quokka (D:2)
  9 frilled lizards
  7 goblins
  4 kobolds
  7 rats
75 creatures vanquished.

Notes
Turn   | Place    | Note
-------+----------+-------------------------------------------
     0 | Abyss:1  | Descartes the Formicid Abyssal Knight began the quest for
                  | the Orb.
     0 | Abyss:1  | Reached XP level 1. HP: 18/18 MP: 2/2
    39 | Abyss:1  | Noticed a smoke demon
    40 | Abyss:1  | Noticed an ancient zyme
    43 | D:1      | Escaped the Abyss
   272 | D:1      | Reached XP level 2. HP: 22/25 MP: 3/3
   705 | D:1      | Reached XP level 3. HP: 30/30 MP: 4/4
   712 | D:1      | Reached skill level 1 in Dodging
  1466 | D:2      | Reached ** piety under Lugonu
  1616 | D:2      | Reached XP level 4. HP: 37/37 MP: 5/5
  2593 | D:3      | Found an iron altar of Okawaru.
  2622 | D:3      | Reached XP level 5. HP: 31/42 MP: 6/6
  3182 | D:3      | Noticed Jessica
  3185 | D:3      | Killed Jessica
  3185 | D:3      | Reached XP level 6. HP: 49/49 MP: 6/8
  3642 | D:3      | Reached *** piety under Lugonu
  4256 | D:4      | Found a staircase to the Ecumenical Temple.
  4263 | Temple   | Entered the Ecumenical Temple
  4648 | D:4      | Slain by a scorpion

Illustrated notes

Levels and vault maps discovered:
D:1:      lemuel_arrival_river_bridge, layout_rooms
D:2:      minmay_skewed_foursquare, layout_basic, first_ration
D:3:      layout_basic, st_stairs_5, okawaru_trees_1, uniq_jessica
D:4:      layout_basic, temple_green
Temple:   compressed_dpeg_triangle_lava_temple

Skill      XL: |  1  2  3  4  5  6 |
---------------+-------------------+-----
Fighting       | 4 |  4.7
Dodging        | 1 2 |  2.0
Axes           | 3 4 |  4.3
Armour         | 3 |  3.4
Invocations    | 3 |  3.3

Action                   |  1- 3 |  4- 6 || total
-------------------------+-------+-------++-------
Melee: Hand axe          |   100 |   347 ||   447
  Use: Scroll            |       |     9 ||     9
       Potion            |       |     2 ||     2
  Eat: Chunk             |     2 |     6 ||     8
       Ration            |       |     1 ||     1
Armor: Leather armour    |    25 |       ||    25
       Scale mail        |    15 |    46 ||    61
       Chain mail        |       |   140 ||   140
Dodge: Dodged            |    70 |   111 ||   181
Block: Other             |       |    36 ||    36
       Reflection        |       |     1 ||     1
